General information
- name: BNet
- type: Ladder team game (AT/RT)
- host: Battle.net
- saver: BONIFIED-STAR
map: FullScaleAssault
- players: 8
- length: 40:28
- speed: Fast
- version: 1.26 W3XP
- replay type: Public
» download(233 KB)
Players
team 1 (loser)
mtldemolition (
blue | 34 APM | 1079 actions | 32:07)
6 Paladin
1 Holy Light
1 Divine Shield
3 Devotion Aura
1 Resurrection
2 Mountain King
1 Storm Bolt
1 Thunder Clap
» actions
| Build / train | 113 | |
| Enter build submenu | 34 | |
| Enter hero's abilities submenu | 8 | |
| Remove unit from queue | 1 | |
| Right click | 400 | |
| Select / deselect | 428 | |
| Use ability | 95 | |
1079 total
» units
| Peasant | 16 | |
| Footman | 7 | |
| Priest | 13 | |
| Mortar Team | 6 | |
| Knight | 12 | |
| Goblin Zeppelin | 1 | |
| Siege Engine | 4 | |
| Frost Wyrm | 13 | |
| Acolyte | 2 | |
74 total
» upgrades
| Defend | 1 | |
| Masonry | 2 | |
| Lumber Harvesting | 1 | |
| Magic Sentry | 1 | |
| Plating | 1 | |
| Swords | 1 | |
| Barrage | 1 | |
| Priest Training | 1 | |
| Gunpowder | 1 | |
10 total
» buildings
| Farm | 9 | |
| Altar of Kings | 1 | |
| Barracks | 1 | |
| Lumber Mill | 1 | |
| Arcane Vault | 1 | |
| Keep | 1 | |
| Scout Tower | 4 | |
| Blacksmith | 1 | |
| Arcane Tower | 2 | |
| Arcane Sanctum | 1 | |
| Castle | 1 | |
| Workshop | 1 | |
| Town Hall | 2 | |
| Guard Tower | 2 | |
| Necropolis | 6 | |
| Ziggurat | 5 | |
| Spirit Tower | 5 | |
44 total
» build order
00:13 Farm
00:20 Altar of Kings
00:28 Barracks
00:57 Lumber Mill
01:29 Farm
02:08 Farm
02:18 Arcane Vault
03:40 Keep
03:53 Scout Tower
04:07 Blacksmith
04:17 Farm
04:26 Arcane Tower
04:52 Scout Tower
05:27 Farm
06:05 Arcane Sanctum
06:07 Arcane Tower
06:35 Castle
07:06 Workshop
07:42 Farm
09:11 Farm
10:14 Farm
10:43 Farm
18:32 Town Hall
19:39 Scout Tower
20:20 Guard Tower
20:24 Scout Tower
22:49 Necropolis
22:54 Ziggurat
22:59 Ziggurat
23:02 Ziggurat
23:08 Ziggurat
23:16 Guard Tower
23:55 Spirit Tower
23:56 Spirit Tower
23:57 Spirit Tower
24:06 Necropolis
25:56 Town Hall
26:27 Necropolis
26:40 Necropolis
26:53 Necropolis
26:56 Necropolis
26:58 Spirit Tower
27:30 Ziggurat
28:46 Spirit Tower
» items
| Scroll of Town Portal | 2 | |
| Potion of Healing | 3 | |
| Orb of Corruption | 1 | |
| Rod of Necromancy | 1 | |
7 total

»
JOE_DlRTe. (
yellow | 46 APM | 1861 actions | 40:27)
5 Blademaster
2 Wind Walk
3 Critical Strike
» actions
| Assign group hotkey | 15 | |
| Build / train | 86 | |
| Enter build submenu | 47 | |
| Enter hero's abilities submenu | 5 | |
| Remove unit from queue | 4 | |
| Right click | 730 | |
| Select / deselect | 369 | |
| Select group hotkey | 443 | |
| Use ability | 162 | |
1861 total
» units
| Peon | 24 | |
| Goblin Shredder | 1 | |
| Troll Batrider | 32 | |
57 total
» upgrades
| Spiked Barricades | 1 | |
| Reinforced Defenses | 1 | |
| Liquid Fire | 1 | |
| Ranged Weapons | 3 | |
6 total
» buildings
| Altar of Storms | 2 | |
| Orc Burrow | 7 | |
| War Mill | 1 | |
| Voodoo Lounge | 1 | |
| Stronghold | 1 | |
| Watch Tower | 19 | |
| Great Hall | 2 | |
| Fortress | 1 | |
| Beastiary | 4 | |
| Tree of Life | 6 | |
| Farm | 1 | |
45 total
» build order
00:17 Altar of Storms
00:21 Orc Burrow
00:56 War Mill
01:12 Voodoo Lounge
01:41 Orc Burrow
02:50 Stronghold
03:07 Watch Tower
03:48 Orc Burrow
04:47 Great Hall
05:24 Fortress
06:53 Great Hall
06:57 Watch Tower
06:58 Watch Tower
06:59 Watch Tower
07:00 Watch Tower
07:52 Beastiary
08:07 Watch Tower
08:11 Watch Tower
08:56 Watch Tower
10:02 Beastiary
10:05 Beastiary
10:09 Beastiary
11:02 Orc Burrow
11:16 Orc Burrow
11:30 Orc Burrow
11:36 Orc Burrow
24:28 Watch Tower
24:28 Watch Tower
24:29 Watch Tower
24:30 Watch Tower
24:30 Watch Tower
27:38 Watch Tower
27:39 Watch Tower
27:40 Watch Tower
27:40 Watch Tower
27:43 Watch Tower
27:45 Watch Tower
28:10 Altar of Storms
28:25 Tree of Life
28:40 Tree of Life
29:35 Tree of Life
30:03 Tree of Life
31:28 Tree of Life
32:59 Tree of Life
34:28 Farm
» items
| Healing Salve | 2 | |
| Lesser Clarity Potion | 5 | |
| Orb of Lightning | 1 | |
| Scroll of Speed | 1 | |
| Potion of Healing | 1 | |
| Potion of Mana | 1 | |
11 total
mendi123 (
pink | 51 APM | 1163 actions | 22:39)
6 Death Knight
2 Death Coil
2 Unholy Aura
1 Death Pact
1 Animate Dead
1 Crypt Lord
1 Carrion Beetles
2 Dreadlord
1 Sleep
1 Vampiric Aura
» actions
| Assign group hotkey | 29 | |
| Build / train | 71 | |
| Enter build submenu | 17 | |
| Enter hero's abilities submenu | 8 | |
| Give item / drop item | 3 | |
| Remove unit from queue | 1 | |
| Right click | 407 | |
| Select / deselect | 313 | |
| Select group hotkey | 248 | |
| Use ability | 65 | |
1163 total
» units
| Acolyte | 15 | |
| Ghoul | 4 | |
| Crypt Fiend | 11 | |
| Obsidian Statue | 4 | |
| Frost Wyrm | 6 | |
40 total
» upgrades
| Creature Attack | 3 | |
| Creature Carapace | 3 | |
| Burrow | 1 | |
| Web | 1 | |
| Freezing Breath | 1 | |
9 total
» buildings
| Crypt | 1 | |
| Altar of Darkness | 1 | |
| Ziggurat | 9 | |
| Graveyard | 1 | |
| Tomb of Relics | 1 | |
| Halls of the Dead | 1 | |
| Nerubian Tower | 3 | |
| Black Citadel | 1 | |
| Slaughterhouse | 1 | |
| Sacrificial Pit | 1 | |
| Spirit Tower | 1 | |
| Boneyard | 2 | |
23 total
» build order
00:10 Crypt
00:15 Altar of Darkness
00:49 Ziggurat
00:57 Graveyard
01:31 Ziggurat
01:39 Tomb of Relics
04:06 Ziggurat
05:02 Halls of the Dead
05:42 Nerubian Tower
05:53 Ziggurat
07:39 Black Citadel
10:11 Black Citadel
10:15 Ziggurat
10:16 Ziggurat
10:17 Ziggurat
10:19 Ziggurat
10:20 Ziggurat
10:32 Slaughterhouse
12:14 Sacrificial Pit
12:29 Nerubian Tower
12:30 Nerubian Tower
12:32 Spirit Tower
13:05 Boneyard
13:07 Boneyard
» items
| Rod of Necromancy | 1 | |
| Scroll of Town Portal | 2 | |
3 total
ivan161rus (
green | 28 APM | 626 actions | 22:42)
4 Warden
2 Fan of Knives
2 Blink
» actions
| Assign group hotkey | 10 | |
| Basic commands | 23 | |
| Build / train | 59 | |
| Enter build submenu | 12 | |
| Enter hero's abilities submenu | 4 | |
| Give item / drop item | 2 | |
| Remove unit from queue | 2 | |
| Right click | 262 | |
| Select / deselect | 198 | |
| Select group hotkey | 16 | |
| Use ability | 38 | |
626 total
» units
| Wisp | 20 | |
| Archer | 13 | |
| Hippogryph | 6 | |
39 total
» upgrades
| Strength of the Moon | 2 | |
| Moon Armor | 2 | |
| Improved Bows | 1 | |
| Hippogryph Taming | 1 | |
6 total
» buildings
| Moon Well | 6 | |
| Ancient of War | 1 | |
| Altar of Elders | 1 | |
| Hunter's Hall | 1 | |
| Tree of Ages | 1 | |
| Tree of Life | 1 | |
| Ancient of Wind | 2 | |
13 total
» build order
00:10 Moon Well
00:14 Ancient of War
00:19 Altar of Elders
02:18 Moon Well
02:30 Moon Well
03:25 Hunter's Hall
04:16 Moon Well
07:11 Tree of Ages
08:09 Tree of Ages
09:14 Tree of Life
09:52 Moon Well
12:29 Ancient of Wind
12:52 Ancient of Wind
13:37 Moon Well
» items
| Boots of Speed | 1 | |
| Staff of Teleportation | 1 | |
| Scroll of Town Portal | 1 | |
| Orb of Corruption | 1 | |
| Scroll of Regeneration | 1 | |
| Potion of Mana | 1 | |
6 total
team 2 (winner)
This.Game. (
red | 68 APM | 2751 actions | 40:26)
6 Tauren Chieftain
2 Endurance Aura
3 War Stomp
1 Reincarnation
5 Far Seer
3 Feral Spirit
2 Chain Lighting
4 Shadow Hunter
2 Healing Wave
2 Hex
» actions
| Assign group hotkey | 10 | |
| Basic commands | 2 | |
| Build / train | 68 | |
| Enter build submenu | 27 | |
| Enter hero's abilities submenu | 16 | |
| Give item / drop item | 1 | |
| Remove unit from queue | 2 | |
| Right click | 1969 | |
| Select / deselect | 424 | |
| Select group hotkey | 131 | |
| Use ability | 101 | |
2751 total
» units
| Peon | 15 | |
| Grunt | 5 | |
| Tauren | 3 | |
| Blue Dragon Whelp | 1 | |
| Shaman | 8 | |
| Blue Drake | 1 | |
33 total
» upgrades
| Shaman Training | 2 | |
| Melee Weapons | 1 | |
| Armor | 1 | |
| Ranged Weapons | 1 | |
5 total
» buildings
| Altar of Storms | 1 | |
| Orc Burrow | 6 | |
| Barracks | 1 | |
| Voodoo Lounge | 1 | |
| Stronghold | 2 | |
| War Mill | 1 | |
| Fortress | 1 | |
| Spirit Lodge | 1 | |
| Great Hall | 6 | |
| Tauren Totem | 2 | |
| Watch Tower | 4 | |
26 total
» build order
00:11 Altar of Storms
00:17 Orc Burrow
00:55 Barracks
01:33 Orc Burrow
02:01 Voodoo Lounge
03:25 Stronghold
04:23 Orc Burrow
05:24 War Mill
06:11 Fortress
07:09 Spirit Lodge
07:21 Great Hall
08:38 Tauren Totem
08:43 Tauren Totem
09:05 Orc Burrow
12:53 Orc Burrow
13:29 Orc Burrow
19:02 Great Hall
19:13 Watch Tower
25:06 Great Hall
27:44 Great Hall
32:00 Great Hall
32:05 Watch Tower
32:07 Watch Tower
35:48 Great Hall
36:26 Watch Tower
39:55 Stronghold
» items
| Healing Salve | 2 | |
| Potion of Healing | 1 | |
| Orb of Lightning | 4 | |
7 total

»
nah2thenah (
teal | 34 APM | 1389 actions | 40:26)
6 Demon Hunter
3 Evasion
2 Mana Burn
1 Metamorphosis
5 Priestess of the Moon
2 Searing Arrows
3 Trueshot Aura
» actions
| Assign group hotkey | 17 | |
| Basic commands | 10 | |
| Build / train | 115 | |
| Enter build submenu | 49 | |
| Enter hero's abilities submenu | 12 | |
| Remove unit from queue | 4 | |
| Right click | 642 | |
| Select / deselect | 281 | |
| Select group hotkey | 185 | |
| Use ability | 74 | |
1389 total
» units
| Wisp | 35 | |
| Archer | 23 | |
| Hippogryph | 16 | |
| Chimaera | 5 | |
79 total
» upgrades
| Strength of the Wild | 3 | |
| Reinforced Hides | 3 | |
| Corrosive Breath | 1 | |
| Ultravision | 0 | |
| Well Spring | 1 | |
| Strength of the Moon | 2 | |
| Moon Armor | 2 | |
| Improved Bows | 1 | |
13 total
» buildings
| Altar of Elders | 1 | |
| Moon Well | 8 | |
| Ancient of Wonders | 1 | |
| Ancient of War | 1 | |
| Tree of Ages | 2 | |
| Hunter's Hall | 1 | |
| Tree of Life | 9 | |
| Tree of Eternity | 2 | |
| Ancient of Wind | 2 | |
| Chimaera Roost | 3 | |
| Ancient Protector | 18 | |
48 total
» build order
00:09 Altar of Elders
00:13 Moon Well
01:27 Ancient of Wonders
01:52 Moon Well
02:15 Moon Well
02:29 Ancient of War
02:34 Moon Well
04:04 Tree of Ages
04:41 Hunter's Hall
07:06 Tree of Life
07:23 Tree of Eternity
07:32 Ancient of Wind
10:55 Chimaera Roost
10:56 Chimaera Roost
10:57 Chimaera Roost
12:19 Moon Well
12:21 Moon Well
12:35 Moon Well
17:09 Tree of Life
17:13 Ancient Protector
17:15 Ancient Protector
17:16 Ancient Protector
17:17 Ancient Protector
19:27 Tree of Life
19:31 Tree of Life
19:44 Ancient Protector
19:46 Ancient Protector
19:47 Ancient Protector
19:51 Ancient Protector
21:55 Tree of Life
22:06 Tree of Life
25:46 Ancient Protector
30:14 Tree of Ages
30:19 Tree of Life
30:22 Ancient Protector
30:23 Ancient Protector
30:24 Ancient Protector
30:30 Tree of Life
30:39 Ancient Protector
31:31 Moon Well
32:36 Ancient Protector
33:29 Tree of Eternity
36:58 Ancient of Wind
37:05 Tree of Life
37:48 Ancient Protector
37:48 Ancient Protector
37:49 Ancient Protector
37:50 Ancient Protector
» items
| Scroll of Town Portal | 1 | |
| Orb of Venom | 1 | |
2 total

»
BONIFIED-STAR (
orange | 60 APM | 2437 actions | 40:28)
7 Beastmaster
3 Summon Quilbeast
3 Summon Hawk
1 Stampede
» actions
| Assign group hotkey | 110 | |
| Basic commands | 45 | |
| Build / train | 65 | |
| Enter build submenu | 22 | |
| Enter hero's abilities submenu | 8 | |
| Remove unit from queue | 1 | |
| Right click | 921 | |
| Select / deselect | 304 | |
| Select group hotkey | 696 | |
| Use ability | 265 | |
2437 total
» units
| Acolyte | 13 | |
| Ghoul | 3 | |
| Crypt Fiend | 2 | |
| Goblin Shredder | 2 | |
| Obsidian Statue | 6 | |
| Blue Dragon | 2 | |
| Goblin Zeppelin | 2 | |
30 total
» upgrades
| Creature Attack | 3 | |
| Creature Carapace | 3 | |
| Burrow | 1 | |
| Destroyer Form | 1 | |
8 total
» buildings
| Graveyard | 1 | |
| Crypt | 1 | |
| Altar of Darkness | 1 | |
| Ziggurat | 14 | |
| Tomb of Relics | 2 | |
| Nerubian Tower | 2 | |
| Spirit Tower | 5 | |
| Halls of the Dead | 1 | |
| Necropolis | 2 | |
| Sacrificial Pit | 1 | |
| Slaughterhouse | 3 | |
| Black Citadel | 2 | |
35 total
» build order
00:07 Graveyard
00:12 Crypt
00:43 Altar of Darkness
00:50 Ziggurat
01:26 Tomb of Relics
01:57 Ziggurat
02:02 Nerubian Tower
04:28 Ziggurat
04:29 Ziggurat
04:50 Ziggurat
05:35 Spirit Tower
05:39 Ziggurat
05:41 Ziggurat
06:08 Spirit Tower
07:16 Spirit Tower
07:36 Halls of the Dead
08:50 Tomb of Relics
09:54 Ziggurat
09:55 Ziggurat
09:56 Ziggurat
09:59 Necropolis
10:09 Sacrificial Pit
10:39 Spirit Tower
10:43 Ziggurat
10:43 Ziggurat
10:44 Ziggurat
10:45 Ziggurat
11:08 Slaughterhouse
11:09 Slaughterhouse
11:10 Slaughterhouse
12:20 Nerubian Tower
13:14 Black Citadel
13:16 Spirit Tower
30:52 Necropolis
» items
| Rod of Necromancy | 1 | |
| Sacrificial Skull | 2 | |
| Healing Salve | 1 | |
| Staff of Teleportation | 1 | |
| Scroll of Healing | 1 | |
| Orb of Corruption | 1 | |
7 total
prielwin1 (
purple | 69 APM | 2239 actions | 32:28)
7 Archmage
3 Summon Water Elemental
3 Brilliance Aura
1 Mass Teleport
6 Paladin
3 Holy Light
1 Divine Shield
1 Devotion Aura
1 Resurrection
5 Mountain King
3 Storm Bolt
2 Bash
» actions
| Assign group hotkey | 59 | |
| Basic commands | 2 | |
| Build / train | 111 | |
| Enter build submenu | 36 | |
| Enter hero's abilities submenu | 18 | |
| Give item / drop item | 2 | |
| Right click | 602 | |
| Select / deselect | 413 | |
| Select group hotkey | 803 | |
| Use ability | 192 | |
2239 total
» units
| Peasant | 17 | |
| Footman | 7 | |
| Rifleman | 18 | |
| Goblin Zeppelin | 4 | |
| Blue Drake | 1 | |
| Priest | 3 | |
| Sorceress | 3 | |
| Mortar Team | 3 | |
| Siege Engine | 1 | |
57 total
» upgrades
| Gunpowder | 3 | |
| Armor | 4 | |
| Long Rifles | 1 | |
| Lumber Harvesting | 2 | |
| Priest Training | 2 | |
| Sorceress Training | 2 | |
| Fragmentation Shards | 1 | |
| Flare | 1 | |
| Masonry | 1 | |
| Barrage | 1 | |
18 total
» buildings
| Altar of Kings | 1 | |
| Barracks | 1 | |
| Farm | 9 | |
| Lumber Mill | 1 | |
| Town Hall | 7 | |
| Blacksmith | 1 | |
| Arcane Vault | 1 | |
| Keep | 2 | |
| Castle | 2 | |
| Arcane Sanctum | 2 | |
| Workshop | 1 | |
| Scout Tower | 13 | |
| Guard Tower | 4 | |
45 total
» build order
00:20 Altar of Kings
00:27 Barracks
00:35 Farm
00:37 Farm
01:05 Lumber Mill
01:38 Farm
02:22 Farm
03:30 Town Hall
03:51 Blacksmith
04:24 Arcane Vault
05:43 Keep
07:30 Farm
07:31 Farm
07:32 Farm
07:33 Farm
08:52 Castle
08:58 Arcane Sanctum
09:03 Arcane Sanctum
10:36 Workshop
14:30 Farm
15:27 Scout Tower
15:31 Scout Tower
15:32 Scout Tower
16:44 Guard Tower
16:46 Scout Tower
16:49 Scout Tower
16:54 Scout Tower
17:26 Guard Tower
17:53 Town Hall
18:01 Scout Tower
18:02 Scout Tower
18:43 Town Hall
19:03 Town Hall
19:19 Guard Tower
19:21 Scout Tower
19:24 Scout Tower
19:28 Keep
19:55 Guard Tower
21:57 Castle
28:14 Town Hall
28:17 Scout Tower
28:19 Scout Tower
28:20 Scout Tower
28:33 Town Hall
32:13 Town Hall
» items
| Scroll of Town Portal | 1 | |
| Orb of Fire | 1 | |
2 total
Chat log
(00:05 / Allies) prielwin1: hi
(00:09 / Allies) prielwin1: me am rifls casters
(00:34 / Allies) BONIFIED-STAR: 100g
(01:05 / Allies) BONIFIED-STAR: god
(01:08 / Allies) BONIFIED-STAR: denali is such a faggot
(01:09 / Allies) This.Game.: ?
(05:23 / All) nah2thenah: lol, double ring of regen stolen
(05:26 / All) nah2thenah: thanks bitches
(06:18 / Allies) This.Game.: what units u going teal
(06:41 / Allies) nah2thenah: what you getting?
(06:43 / Allies) nah2thenah: doesnt matter
(06:47 / Allies) This.Game.: melee\
(06:48 / Allies) This.Game.: ?
(06:54 / Allies) This.Game.: shams
(06:57 / Allies) nah2thenah: k
(07:01 / Allies) nah2thenah: cool i get air
(08:08 / Allies) BONIFIED-STAR: should i tower chokes or should i not bother?
(08:19 / Allies) prielwin1: dont bother
(09:38 / Allies) prielwin1: stop follow
(09:46 / All) BONIFIED-STAR: raped nigger
(09:50 / Allies) nah2thenah: chill your dick i was doing something in my base
(10:21 / Allies) nah2thenah: fuck
(10:22 / Allies) nah2thenah: my bad
(12:02 / All) prielwin1: gg
(12:45 / Allies) nah2thenah: im getting an orb brb
(15:38 / Allies) prielwin1: go
(16:02 / All) nah2thenah: dude i cant wait to rape your bm yellow
(16:45 / All) nah2thenah: fuck you blue
(17:38 / Allies) prielwin1: wood?
(17:52 / All) BONIFIED-STAR: nigger maphacker
(17:54 / Allies) prielwin1: ty
(19:58 / Allies) nah2thenah: hit pink
(19:59 / Allies) nah2thenah: hes dead
(20:06 / Allies) prielwin1: y
(20:13 / Allies) nah2thenah: finish
(20:15 / Allies) nah2thenah: he has expo
(20:24 / Allies) nah2thenah: gold?
(21:17 / All) nah2thenah: more feed plz noob
(21:20 / All) nah2thenah: 6 soon
(21:32 / Allies) nah2thenah: gol me
(21:37 / All) prielwin1: orc noob!!
(21:39 / Allies) nah2thenah: gold*
(21:48 / Allies) nah2thenah: 300 gold plz
(22:03 / Allies) BONIFIED-STAR: wow
(22:12 / Allies) BONIFIED-STAR: dont tp from a level 4 bm
(23:46 / All) nah2thenah: wheres he at bitch?
(23:59 / All) BONIFIED-STAR: leave hacker
(24:13 / All) prielwin1: plz leave noobs!
(24:50 / Allies) This.Game.: any spare gold
(24:51 / Allies) This.Game.: ?
(25:05 / Allies) nah2thenah: soon
(25:49 / Allies) BONIFIED-STAR: beastmaster ultimate is so terrible
(26:57 / All) BONIFIED-STAR: raped
(27:36 / Allies) This.Game.: jhaha
(28:27 / All) prielwin1: leave noobs!!!
(29:24 / Allies) This.Game.: damit
(29:39 / Allies) This.Game.: fuckin
(29:49 / Allies) This.Game.: they rea.ly dont want me to exp
(31:36 / All) prielwin1: leave noobs towers!!!!
(31:37 / Allies) This.Game.: can i get more gold im sorry
(32:01 / Allies) This.Game.: thx
(32:41 / Allies) BONIFIED-STAR: why he leave
(32:51 / Allies) This.Game.: probaly hacked
(32:56 / Allies) BONIFIED-STAR: we're next then
(33:14 / Allies) BONIFIED-STAR: yellow mh'd
(33:16 / Allies) BONIFIED-STAR: im fairly sure
(35:16 / All) nah2thenah: it was over when i stole both of your rings of regen noob yellow
(35:26 / All) nah2thenah: how do i get to second on before you get to first?
(35:29 / All) nah2thenah: slow....
(36:26 / All) nah2thenah: faggot noob hider
(36:28 / All) nah2thenah: eat shit
(36:34 / All) BONIFIED-STAR: lol
(38:10 / All) BONIFIED-STAR: gotta give him credit he is crafty
(38:23 / All) nah2thenah: i jsut took my dogs out
(38:30 / All) nah2thenah: just spread air units out and patrol them
(38:40 / All) nah2thenah: its not hard, and no, he sucks...
(39:50 / Allies) This.Game.: gg
(40:03 / All) JOE_DlRTe.: bye bye to ojs cd key lolololol
(40:10 / All) BONIFIED-STAR: why mine
(40:15 / All) JOE_DlRTe.: lololol
(40:16 / All) JOE_DlRTe.: bye bye
(40:26 / All) BONIFIED-STAR: i didnt even do anything to u